 Dungeon Crawl Stone Soup version 0.27.0-1-g7a089689b8 (webtiles) character file.

Game seed: 15190641551398429086

1 ZenoRockbell the Covered (level 1, 0/18 HPs)
             Began as a Demigod Fighter on Aug 6, 2021.
             Slain by a jackal (1 damage)
             ... on level 1 of the Dungeon.
             The game lasted 00:01:13 (102 turns).

ZenoRockbell the Covered (Demigod Fighter)           Turns: 102, Time: 00:01:14

Health: 0/18       AC:  6    Str: 17    XL:     1   Next: 13%
Magic:  3/3        EV:  6    Int: 10    God:
Gold:   9          SH:  8    Dex: 13    Spells: 0/0 levels left

rFire    . . .     SeeInvis .   a - +0 long sword
rCold    . . .     Faith    .   c - +0 kite shield
rNeg     . . .     Spirit   .   b - +0 scale mail
rPois    .         Reflect  .   (no helmet)
rElec    .         Harm     .   (no cloak)
rCorr    .         Rampage  .   (no gloves)
Will     .....                  (no boots)
Stlth    ..........             (no amulet)
HPRegen  0.06/turn              (no ring)
MPRegen  0.08/turn              (no ring)

@: no status effects
A: high mp 1, forlorn
a: no special abilities


You were on level 1 of the Dungeon.
You visited 1 branch of the dungeon, and saw 1 of its levels.

You collected 9 gold pieces.

Inventory:

Hand Weapons
 a - a +0 long sword (weapon)
Armour
 b - a +0 scale mail (worn)
 c - a +0 kite shield (worn)
Potions
 d - a potion of might


   Skills:
 * Level 2.7 Fighting
 * Level 1.7 Long Blades
 * Level 2.7 Armour
 * Level 2.7 Shields


You couldn't memorise any spells.
You didn't know any spells.
Your spell library contained the following spells:

 Spells                   Type           Power      Damage    Failure   Level
 Sting                    Tmut/Pois      0%         1d3       99%         1
 Poisonous Vapours        Pois/Air       0%         N/A       100%        2
 Olgreb's Toxic Radiance  Pois           0%         N/A       100%        4


Dungeon Overview and Level Annotations

Branches:
Dungeon (1/15)


Innate Abilities, Weirdness & Mutations

Your attributes grow dramatically as you level up.
You have an increased reservoir of magic. (+10% MP)
You shall have no god before yourself.


Message History

You hit the jackal.
The jackal is severely wounded.
The bat hits you but does no damage. The bat barely misses you.
You riposte.
You hit the bat.
The bat is moderately wounded.
You block the jackal's attack. The jackal closely misses you.
The jackal bites you but does no damage.
The bat hits you. The jackal closely misses you. The jackal bites you.
The jackal closely misses you. The bat barely misses you.
The jackal bites you but does no damage.
You barely miss the jackal.
The jackal is severely wounded.
The bat hits you but does no damage. You block the jackal's attack.
The jackal bites you but does no damage.
The jackal bites you.
The jackal bites you but does no damage.
You block the jackal's attack. The jackal bites you.
The jackal bites you but does no damage. x2
You closely miss the jackal. The bat hits you but does no damage.
The jackal bites you but does no damage.
You block the jackal's attack. The jackal bites you.
The jackal closely misses you.
The jackal bites you but does no damage.
You block the jackal's attack.
You closely miss the jackal. The bat hits you.
* * * LOW HITPOINT WARNING * * *
The jackal bites you but does no damage.
You block the jackal's attack. The jackal barely misses you.
You block the jackal's attack. The jackal bites you.
* * * LOW HITPOINT WARNING * * *
The jackal bites you but does no damage.
Your shield and scale mail prevent you from hitting the jackal.
The bat hits you but does no damage.
The jackal bites you but does no damage.
You block the jackal's attack. The jackal bites you.
* * * LOW HITPOINT WARNING * * *
The jackal bites you.
* * * LOW HITPOINT WARNING * * *
The jackal bites you.
You die...

#.'.........'.......
#.....#...############..
#.......#...#.....'....#..
..#.....#...#.....#....#..
#.....#...#.....#....#..
#.....#...#...###....#..
#....##b..#...#<###'##'#
#..## #''##'''#'##...#..
#@h.#...#..'...#..
#hh##...#..#...#..
#.gBg.#...########..
#...r..#......#......
........#......'.....#
..........#......'......
b........)##############
?.......... ............


You could see a quokka, 3 jackals, a giant cockroach, a hobgoblin, a goblin and
a bat.

Vanquished Creatures
  A giant cockroach (D:1)
1 creature vanquished.

Notes
Turn   | Place    | Note
-------+----------+-------------------------------------------
     0 | D:1      | ZenoRockbell the Demigod Fighter began the quest for the
                  | Orb.
     0 | D:1      | Reached XP level 1. HP: 18/18 MP: 3/3
   102 | D:1      | Slain by a jackal

Illustrated notes

Levels and vault maps discovered:
D:1:      minmay_arrival_widening_spiral_wide, layout_rooms,
          ebering_ecumenical_altar_petrified

Action                   || total
-------------------------++-------
Melee: Long sword        ||     9
  Use: Scroll            ||     1
Armor: Scale mail        ||    23
Dodge: Dodged            ||    11
Block: Kite shield       ||    11
       Rpst.: Long sword ||     4
